Description

Zest was doing versions of this build alot during IEM some with more adepts and slower 3rd, the opener was usually somewhat the same though I hope you enjoy it, figuring out adept micro and stuff I leave up to you.

VOD

https://www.twitch.tv/videos/558587952?t=4h47m57s

Replay - Rogue v Zest: Game 1 - 젠 - 래더

Build Order

Get SALT Encoding   

  12  0:00  Probe  
  13  0:14  Pylon  13 pylon to send probe accross to block zerg natural fast
  13  0:18  Probe (Chrono Boost)  
  14  0:28  Probe x2 (Chrono Boost)  
  16  0:41  Gateway  
  16  0:44  Probe  
  17  0:51  Assimilator  
  17  0:56  Probe  
  18  1:09  Probe  
  19  1:21  Probe  
  20  1:27  Nexus  
  20  1:36  Cybernetics Core  
  20  1:39  Probe  
  21  1:47  Assimilator  
  21  1:51  Probe  
  22  1:54  Pylon  
  23  2:13  Warp Gate, Stalker  
  27  2:34  Twilight Council  
  32  2:52  Robotics Facility  Stop probing after this
  33  3:04  Gateway x2  
  33  3:08  Resonating Glaives (Chrono Boost)  
  33  3:15  Adept  
  35  3:22  Gateway  
  35  3:28  Pylon  
  37  3:37  Warp Prism (Chrono Boost)  Resume probing after this
  39  3:45  Pylon  
  41  4:02  Adept x3  Prism picks them all up including the one from earlier and moves towards zerg 3rd
  48  4:04  Pylon  
  48  4:09  Observer  
  51  4:14  Action (Chrono Boost)  2nd chronoboost on glaives
  52  4:24  Adept x4  
  62  4:46  Adept x2  
  70  5:15  Nexus  Stop probing to make nexus, might be possible to get faster
  68  5:27  Forge  
  58  5:33  Assimilator x2  
  58  5:35  Sentry x2  
  60  5:39  Shield Battery  
  66  5:53  Protoss Ground Weapons Level 1 (Chrono Boost)  Chrono once fast then once after immo chrono
  70  6:18  Immortal (Chrono Boost)  
  71  6:23  Charge  
  76  6:25  Assimilator x2  
  80  6:45  Gateway  
  82  6:54  Templar Archives  
  84  6:56  Gateway x2  
  86  7:02  Gateway  
  86  7:09  Immortal  
  86  7:14  Gateway x2  
  85  7:32  Stalker x4  
  91  7:48  Immortal  
  95  8:01  High Templar x4  Main army moves out, this is warped in at prism their side of map +1 timing push
  95  8:03  Zealot x2  
  107  8:11  Archon x2  
  107  8:14  Zealot x4  
  115  8:37  High Templar x2  
  115  8:38  Zealot x4  
  135  8:44  Archon  
  105  9:25  High Templar x4  
  105  9:30  Archon x2  
Spawning Tool Build Advisor. Get it on Overwolf

Analysis

After taking the 3rd focus chrono on probes mostly except two on +1 attack and 1 on first immortal.

Go to:

Details

  • Created by: Hindrance
  • Published on: Mar 07, 2020
  • Modified on: Mar 07, 2020
  • Patch: 4.11.0
Show
View Real Time Build Order
Export as new Build Order

Comments (0)

There are no comments. Be the first!

Create an account to comment!